woodfighter, chaotic female human Priestess ------ ----- |.....# |<)..######|....|# |...| #|.... ####### -+-.- #-.--- # #------- ######)###############|`.... # # # |.... ### ### ### |...- # # # |...| ####### ### |..`| + # |...| | #$+...--.-- ..| |...Y.i...!.| |`.@.......`| ------------- woodfighter the Adept Experience level: 7 Strength: 8 Dexterity: 11 Constitution: 15 Intelligence: 18 Wisdom: 9 Charisma: 10 Health: 0(44) Energy: 72(72) Def: 5 Gold: 0 Moves: 4242 Dungeon seed: 04G-jukkYqvGwWt5 Game ID: woodfighter_1578293553 Your Inventory: Weapons a - a blessed +1 mace (weapon in hand) F - 2 +0 darts (in quiver) Armor e - a +0 robe (being worn) n - a +0 small shield (being worn) y - a +0 pair of jumping boots (being worn) J - a +0 orcish helm (being worn) Y - a +0 mummy wrapping Comestibles D - 5 sprigs of wolfsbane Scrolls g - a cursed scroll of remove curse k - 2 scrolls of charging m - 2 scrolls of light q - a scroll of blank paper s - a scroll of scare monster t - a scroll of enchant weapon v - 2 blessed scrolls of teleportation w - a blessed scroll of create monster x - a scroll of scare monster A - a scroll of remove curse K - a scroll of create monster O - a scroll of water Potions b - 4 potions of holy water p - a potion of confusion u - a potion of speed C - a potion of sleeping H - a potion of oil P - a potion of hallucination Wands d - a wand of lightning (0:5) f - a wand of cancellation (0:1) o - a wand of enlightenment (0:13) B - a wand of secret door detection (0:6) L - a wand of polymorph (0:3) M - a cursed wand of nothing (0:8) Gems r - 2 worthless pieces of black glass z - a worthless piece of red glass N - a worthless piece of yellow glass Spells and supernatural/magical abilities: Name Level Category Fail Memory l - light 1 divination 0% 79% p - protection 1 clerical 0% 79% U - detect unseen 3 divination 73% 79% W - pray for help -- divine ? -- X - turn undead -- divine ? -- Y - supernatural jump -- ability ? -- Your skills at the end: Miscellaneous Skills shield [Basic] wands [Basic] Weapon Skills mace [Skilled] Spellcasting Skills clerical spells [Basic] Final Attributes: You were piously aligned. Your writing hand was ok. You were telepathic. You were very stealthy. You could jump. You are dead. Vanquished creatures: a giant spider a gold golem a human zombie 2 bugbears an orc shaman 2 fog clouds a gnomish wizard a kobold mummy a red naga hatchling 3 giant ants a floating eye a kitten a kobold lord an iguana 2 jitterbugs 3 giant bats a monkey an orc zombie a wererat a werejackal 6 killer bees 5 coyotes a gas spore a large kobold 3 geckos 5 hobgoblins a giant rat a yellow mold 3 red molds a gnome zombie 9 jackals a kobold a newt 2 goblins 2 sewer rats 5 grid bugs 2 lichens 76 creatures vanquished. Voluntary challenges: You did not adorn yourself with jewelry or accessories. You did not cause conflict. You were not invisible. You did not have reflection. You were not displaced. You had been an atheist until turn 3989. You used a wielded weapon 129 times, starting on turn 44. You did not use tools. You did not use plumbed fixtures. You did not drink any magical draughts. You were illiterate. You never genocided any monsters. You never polymorphed an object. You never changed form. You used no wishes. You never split a pudding. You never wrote Elbereth's name. You never violated your personal moral code. Dungeon overview: The Dungeons of Doom: levels 1 to 9 Level 1 a long staircase Level 2 some fountains Level 3 some fountains stairs to The Gnomish Mines Level 4 Level 5 some fountains Level 6 Level 7 (throne + stash) some fountains, a throne Level 8 a fountain, a sink Level 9 <- You were here The Gnomish Mines: levels 4 to 5 Level 4 stairs to The Dungeons of Doom Level 5 History has recorded: On T:1 you entered the Dungeons of Doom to retrieve the Amulet of Yendor! On T:53 you reached level 2 of The Dungeons of Doom. On T:702 you reached level 3 of The Dungeons of Doom. On T:822 you reached level 1 of The Gnomish Mines. On T:824 you reached level 2 of The Gnomish Mines. On T:981 you advanced to experience level 2. On T:1071 you advanced to experience level 3. On T:1096 you reached level 4 of The Dungeons of Doom. On T:1379 you reached level 5 of The Dungeons of Doom. On T:1844 you advanced to experience level 4. On T:2467 you reached level 6 of The Dungeons of Doom. On T:2646 you reached level 7 of The Dungeons of Doom. On T:2850 you advanced to experience level 5. On T:3388 you advanced to experience level 6. On T:3491 you reached level 8 of The Dungeons of Doom. On T:3876 you reached level 9 of The Dungeons of Doom. On T:3989 you prayed to Anshar. On T:4206 you advanced to experience level 7. Score breakdown: Gold: 0 ( 0 points) Experience: 7 levels ( 600 points) Exploration: 9 levels ( 240 points) Discoveries: 23 items ( 1150 points) Variety of kills: 37 monsters ( 1850 points) Major goal: (nothing yet) ( 0 points) Survival: died (score multiplied by 3) Total score: 11520 Latest messages: Welcome to experience level 7. The red naga hatchling misses. You hit the red naga hatchling. The red naga hatchling bites! You hit the red naga hatchling! You hit the red naga hatchling. The red naga hatchling bites! You kill the red naga hatchling! You hit the human zombie! (2x) The human zombie scratches you! You destroy the human zombie! C - a golden potion. You see here a red naga hatchling corpse. This red naga hatchling corpse tastes terrible! You finish eating the red naga hatchling corpse. You see here a statue of a plains centaur. You hear a jackal howling at the moon. You drop 1955 gold pieces. The door closes. You hit the owlbear! The owlbear punches you! (2x) You hit the owlbear. The owlbear punches you! (2x) You die... Final status: Goodbye woodfighter the Priestess, killed by an owlbear... You died in The Dungeons of Doom on dungeon level 9 with 11520 points, and 0 pieces of gold, after 4242 moves. You were level 7 with a maximum of 44 hit points when you died.